 Dungeon Crawl Stone Soup version 0.29.1-debian-1-gc3f1650bb9 (webtiles) character file.

Game seed: 14842531138759629229

2648 NinjaNoafa the Cudgeller (level 9, -4/54 HPs)
             Began as a Gargoyle Monk on Sept 12, 2022.
             Was a Follower of Wu Jian.
             Slain by a cane toad (21 damage)
             ... on level 1 of the Lair of Beasts.
             The game lasted 00:19:27 (7237 turns).

NinjaNoafa the Cudgeller (Gargoyle Monk)            Turns: 7237, Time: 00:19:28

Health: -4/54      AC: 18    Str: 18    XL:     9   Next: 62%
Magic:  14/14      EV: 14    Int: 10    God:    Wu Jian [*.....]
Gold:   77         SH:  0    Dex: 19    Spells: 8/8 levels left

rFire   + . .      SeeInvis .   m - +1 hammer of Ytot {vorpal, rF+ Dex+5}
rCold   + . .      Faith    .   A - orb {light}
rNeg    + . .      Spirit   .   B - +0 steam dragon scales
rPois   ∞          Reflect  .   D - +0 helmet
rElec   +          Harm     .   E - +2 cloak
rCorr   .          Rampage  .   y - +1 pair of gloves {hurl}
Will    .....                   (no boots)
Stlth   +.........              g - amulet of regeneration
HPRegen 0.98/turn               h - ring of flight
MPRegen 0.14/turn               v - ring of protection from cold

@: flying, glowing
A: sickness immunity, AC +6, negative energy resistance 1, electricity
resistance, torment resistance 1, petrification resistance
a: Renounce Religion


You were on level 1 of the Lair of Beasts.
You worshipped Wu Jian.
Wu Jian was aware of your devotion.
You visited 3 branches of the dungeon, and saw 10 of its levels.

You collected 414 gold pieces.
You spent 214 gold pieces at shops.
You paid 123 gold pieces to Gozag.

Inventory:

Hand Weapons
 m - the +1 hammer of Ytot (weapon) {vorpal, rF+ Dex+5}
   (You found it on level 2 of the Dungeon)

   It inflicts extra damage upon your enemies.
   Dex:       It affects your dexterity (+5).
   rF:        It protects you from fire.
Missiles
 f - 58 stones
 o - 9 poisoned darts
 p - 5 datura-tipped darts
 w - 5 boomerangs (quivered)
Armour
 y - a +1 pair of gloves of hurling (worn)
 A - an orb of light (worn)
 B - +0 steam dragon scales (worn)
 D - a +0 helmet (worn)
 E - a +2 cloak (worn)
Jewellery
 g - an amulet of regeneration (around neck)
 h - a ring of flight (left hand)
 v - a ring of protection from cold (right hand)
Wands
 s - a wand of charming (1)
 u - a wand of flame (23)
 x - a wand of acid (11)
 F - a wand of digging (5)
Scrolls
 c - a scroll of summoning
 e - a scroll of amnesia {unknown}
 i - 4 scrolls of teleportation {unknown}
 j - 9 scrolls of identify {unknown}
 k - a scroll of magic mapping {unknown}
 r - 3 scrolls of immolation {unknown}
 t - a scroll of acquirement {unknown}
 C - a scroll of silence
Potions
 a - a potion of heal wounds
 b - a potion of lignification {unknown}
 d - 2 potions of flight {unknown}
 n - a potion of invisibility {unknown}
 q - 6 potions of curing
 z - a potion of attraction {unknown}


   Skills:
 - Level 5.0 Fighting
 - Level 1.4 Short Blades
 - Level 7.0 Maces & Flails
 + Level 4.0 Throwing
 + Level 4.2 Armour
 * Level 4.0 Dodging
 - Level 2.1 Stealth
 - Level 7.0 Invocations
 - Level 3.0 Evocations


You had 8 spell levels left.
You didn't know any spells.
Your spell library contained the following spells:

 Spells                   Type           Power      Damage    Failure   Level
 Foxfire                  Conj/Fire      0%         2x1d4     36%         1
 Sandblast                Erth           0%         2d4       36%         1
 Passwall                 Tmut/Erth      0%         N/A       50%         2
 Inner Flame              Hex/Fire       0%         N/A       75%         3
 Kindle Blastsparks       Fire/Tloc/Air  0%         2d10      75%         3
 Stone Arrow              Conj/Erth      0%         3d7       75%         3
 Flame Wave               Conj/Fire      0%         2d4       98%         4
 Alistair's Intoxication  Tmut/Pois      0%         N/A       100%        5
 Borgnjor's Vile Clutch   Necr/Erth      0%         N/A       100%        5
 Eringya's Noxious Bog    Tmut/Pois      0%         N/A       100%        6


Dungeon Overview and Level Annotations

Branches:
Dungeon (8/15)             Temple (1/1) D:7            Lair (1/5) D:8

Altars:
Ashenzari
Cheibriados
Dithmenos
Elyvilon
Fedhas
Gozag
Hepliaklqana
Kikubaaqudgha
Makhleb
Nemelex Xobeh
Okawaru
Qazlal
Ru
Sif Muna
Trog
Uskayaw
Vehumet
Wu Jian
Xom
Yredelemnul
Zin
The Shining One

Shops:
D:4 *   D:5 =   D:7 *

Annotations:
D:7 3 runed translucent doors, Daxter's ghost, weakling MiFi


Innate Abilities, Weirdness & Mutations

You are immune to sickness and miasma.
Your stone body is resilient. (AC +6)
You are immune to poison.
You resist negative energy. (rN+)
You are resistant to electric shocks. (rElec)
You are resistant to unholy torment.
You are immune to petrification.


Message History

You see here a +0 dagger.
Found a staircase to the Lair.
You now have 77 gold pieces (gained 10).
Found a rapier.
You sock the plant!
The plant begins to die.
The plant is lightly damaged.
There is a staircase to the Lair here.
You can't go up here!
A nearby plant withers and dies.
You fly downwards.
Welcome to the Lair of Beasts!
Found 2 scrolls labelled AMIPEC FEFOLL.
There is a staircase back to the Dungeon here.
Okay, then.
A cane toad comes into view.
Gozag incites the cane toad against you.
The cane toad gives a loud, deep croak!
The cane toad goes berserk!
The cane toad rages. x2
Saving game... please wait.
Welcome back, NinjaNoafa the Gargoyle Monk.
The Council says: Follow the path of wisdom and battle!
Press ? for a list of commands and other information.
Found a phial of floods.
You lunge at the cane toad.
You hit the cane toad.
The cane toad is lightly wounded.
The cane toad stings you! The cane toad misses you.
You see here 2 scrolls labelled AMIPEC FEFOLL.
j - 9 scrolls labelled AMIPEC FEFOLL (gained 2)
The cane toad stings you!
Okay, then.
You spin and attack the cane toad.
You hit the cane toad.
The cane toad is lightly wounded.
The cane toad closely misses you. The cane toad misses you.
The cane toad attacks as you move away! The cane toad misses you.
Found a wand of charming (3).
The cane toad closely misses you. The cane toad attacks as you move away!
The cane toad barely misses you. The cane toad stings you!!
* * * LOW HITPOINT WARNING * * *
The cane toad rages.
The cane toad stings you!!
You die...

.# .# .. ## #.
.# #/# ..##
#..###...
#.....# #@.##
##FP# ##.###
#####....##...
##.............
#.<####.###....
#.........# ...
####.####.# ..
#.# #.. .


You could see a cane toad (berserk, incited).

Vanquished Creatures
  Maurice (D:8)
  2 steam dragons
  An orc warrior (D:8)
  3 ice beasts
  2 black bears
  An ogre (D:5)
  3 phantoms
  A bullfrog (D:7)
  A kobold brigand (D:7)
  A necrophage (D:5)
  2 scorpions
  3 wights (D:8)
  2 electric eels (D:5)
  A jelly (D:4)
  Crazy Yiuf (D:2)
  4 hounds
  An orc priest (D:8)
  An iguana (D:4)
  3 orc wizards
  3 gnolls (D:5)
  11 adders
  A white imp (D:6)
  2 ufetubi
  A worm (D:5)
  2 dart slugs
  28 orcs
  7 endoplasms
  3 giant cockroaches
  5 hobgoblins
  8 jackals
  12 kobolds
  A quokka (D:1)
  4 ball pythons
  3 bats
  6 frilled lizards
  5 goblins
  4 rats
140 creatures vanquished.

Vanquished Creatures (collateral kills)
  An ice beast (D:6)
  An adder (D:6)
  An ufetubus (D:6)
3 creatures vanquished.

Vanquished Creatures (others)
  2 fungi (D:2)
  4 plants
6 creatures vanquished.

Grand Total: 149 creatures vanquished

Notes
Turn   | Place    | Note
-------+----------+-------------------------------------------
     0 | D:1      | NinjaNoafa the Gargoyle Monk began the quest for the Orb.
     0 | D:1      | Reached XP level 1. HP: 14/14 MP: 1/1
    52 | D:1      | Reached skill level 1 in Armour
   173 | D:1      | Reached XP level 2. HP: 6/19 MP: 2/2
  1026 | D:1      | Found a faded altar of an unknown god.
  1129 | D:1      | Reached XP level 3. HP: 23/23 MP: 3/3
  1513 | D:2      | Reached skill level 1 in Short Blades
  2210 | D:2      | Reached XP level 4. HP: 28/28 MP: 4/4
  2353 | D:2      | Found a runed translucent door.
  2354 | D:2      | Noticed Crazy Yiuf
  2369 | D:2      | Killed Crazy Yiuf
  2542 | D:2      | Identified the +1 hammer of Ytot {vorpal, rF+ Dex+5}
  2708 | D:3      | Identified the +1 spear "Newtbane" {venom, rN+}
  2768 | D:3      | Reached XP level 5. HP: 22/32 MP: 5/5
  3285 | D:4      | Reached skill level 5 in Maces & Flails
  3296 | D:4      | Reached XP level 6. HP: 3/38 MP: 6/6
  3602 | D:4      | Found Voth's General Store.
  3672 | D:4      | Noticed a black bear
  3681 | D:4      | Killed a black bear
  3686 | D:4      | Reached skill level 5 in Fighting
  4009 | D:4      | Found a glowing silver altar of Zin.
  4106 | D:4      | Found a sacrificial altar of Ru.
  4106 | D:4      | Found a glowing golden altar of the Shining One.
  4160 | D:4      | Became a worshipper of the Shining One
  4160 | D:4      | Reached * piety under the Shining One
  4160 | D:4      | Reached ** piety under the Shining One
  4191 | D:4      | Found an iron altar of Okawaru.
  4523 | D:5      | Entered Level 5 of the Dungeon
  4576 | D:5      | Reached XP level 7. HP: 43/44 MP: 7/7
  4597 | D:5      | Found a transporter.
  4687 | D:5      | Found Afejieja's Jewellery Shop.
  4806 | D:5      | Found a transporter.
  5279 | D:5      | Reached skill level 1 in Throwing
  5279 | D:5      | Reached skill level 1 in Evocations
  5283 | D:5      | Was placed under penance by the Shining One
  5289 | D:5      | Reached skill level 1 in Invocations
  5352 | D:6      | Reached XP level 8. HP: 23/49 MP: 7/9
  5843 | D:4      | Bought a +1 pair of gloves of hurling for 214 gold pieces
  6092 | D:6      | Found a shimmering blue altar of Sif Muna.
  6217 | D:7      | Reached skill level 5 in Invocations
  6223 | D:7      | Noticed a boulder beetle
  6230 | D:7      | Noticed Daxter's ghost (weakling MiFi)
  6230 | D:7      | Was forgiven by the Shining One
  6234 | D:7      | Found a runed translucent gate.
  6234 | D:7      | Found a runed translucent gate.
  6234 | D:7      | Found a runed translucent gate.
  6266 | D:7      | Reached XP level 9. HP: 54/54 MP: 13/13
  6300 | D:7      | Found a blossoming altar of Fedhas.
  6372 | D:7      | Found a staircase to the Ecumenical Temple.
  6382 | D:7      | Found a shadowy altar of Dithmenos.
  6415 | Temple   | Entered the Ecumenical Temple
  6569 | D:7      | Found an opulent altar of Gozag.
  6583 | D:7      | Found Gozag's Platinum Reserve.
  6598 | D:7      | Fell from the grace of the Shining One
  6598 | D:7      | Became a worshipper of Gozag Ym Sagoz the Greedy
  6785 | D:8      | Noticed Maurice
  6805 | D:8      | Killed Maurice
  6958 | D:1      | Prayed at the altar of an unknown god.
  6958 | D:1      | Fell from the grace of Gozag
  6958 | D:1      | Became a worshipper of the Wu Jian Council
  6958 | D:1      | Reached * piety under Wu Jian
  7203 | D:8      | Found a staircase to the Lair.
  7226 | Lair:1   | Entered Level 1 of the Lair of Beasts
  7230 | Lair:1   | Noticed a cane toad
  7237 | Lair:1   | Slain by a cane toad

Illustrated notes

Levels and vault maps discovered:
D:1:      ebering_trefoil_twist, layout_basic,
          dilly_ecumenical_altar_fadedgnrine, minmay_misc_feat_x,
          minmay_misc_feat_secret_circle
D:2:      layout_basic, uniq_crazy_yiuf_cottage
D:3:      layout_basic, minmay_misc_feat_plants, hex_medium
D:4:      layout_basic, okawaru_altar_gauntlet_db, zin_statuary,
          gammafunk_temple_overflow_elements, serial_shops, shop
D:5:      gammafunk_steamed_eel, layout_basic, serial_shops, shop_fountains,
          serial_bayou_pond_c
D:6:      layout_cave_pools, lemuel_coloured_pillars_altar, chequers_avenue
D:7:      layout_rooms, mainiacjoe_overflow_concentric_impassable,
          mainiacjoe_overflow_catwalk, nicolae_gozag_zags_fifth_avenue,
          minmay_temple_entry_statues, gammafunk_ghost_split
D:8:      layout_layer_cave, dpeg_oklobed_lair, amcnicky_mini_pool_small,
          chequers_hall_statues_y, grunt_tough_drop, uniq_erica, uniq_maurice
Temple:   nicolae_temple_two_arcs
Lair:1:   layout_loops_ring

Skill      XL: |  1  2  3  4  5  6  7  8  9 |
---------------+----------------------------+-----
Armour         | 1 2 3 4 |  4.2
Short Blades   | 1 |  1.4
Maces & Flails | 4 5 7 |  7.0
Fighting       | 5 |  5.0
Throwing       | 1 3 4 |  4.0
Evocations     | 1 3 |  3.0
Invocations    | 1 6 7 |  7.0
Dodging        | 4 |  4.0
Stealth        | |  2.1

Action                   |  1- 3 |  4- 6 |  7- 9 || total
-------------------------+-------+-------+-------++-------
Melee: Mace              |    91 |   154 |   177 ||   422
       Dagger            |    37 |       |       ||    37
       Punch             |       |     3 |     1 ||     4
Throw: Dart              |     1 |       |       ||     1
       Boomerang         |       |       |    68 ||    68
Invok: Lunge             |       |       |     2 ||     2
       Whirlwind         |       |       |     1 ||     1
Evoke: Wand              |       |       |     1 ||     1
  Use: Potion            |       |     3 |     3 ||     6
       Scroll            |       |       |     2 ||     2
 Stab: Sleeping          |     1 |     2 |       ||     3
Armor: Robe              |    26 |       |       ||    26
       Leather armour    |    14 |       |       ||    14
       Ring mail         |    23 |   107 |       ||   130
       Chain mail        |       |     5 |   116 ||   121
       Steam dragon scal |       |       |    37 ||    37
       Skin              |       |       |     4 ||     4
Dodge: Dodged            |   110 |   124 |   141 ||   375
